 Dungeon Crawl Stone Soup version 0.25.1-2-g60ff931df9 (webtiles) character file.

Game seed: 13286359824436321798

1367 H0rd4k the Insei (level 8, -12/48 HPs)
             Began as an Octopode Transmuter on Sept 25, 2020.
             Killed by triggering a spear trap (24 damage)
             ... in an ossuary.
             The game lasted 00:08:41 (6783 turns).

H0rd4k the Insei (Octopode Transmuter)              Turns: 6783, Time: 00:08:42

Health: -12/48     AC:  1    Str:  9    XL:     8   Next: 65%
Magic:  14/14      EV: 14    Int: 18    God:
Gold:   319        SH:  0    Dex: 12    Spells: 7/15 levels left

rFire    . . .     SeeInvis .     - Unarmed
rCold    . . .     Gourm    .   (no shield)
rNeg     . . .     Faith    +   (helmet restricted)
rPois    .         Spirit   .   q - amulet of faith
rElec    .         Reflect  .   i - ring of resist corrosion
rCorr    +         Harm     .   (no ring)
MR       .....                  (no ring)
Stlth    ++++......             (no ring)
HPRegen  0.16/turn              (no ring)
MPRegen  0.14/turn              (no ring)
                                (no ring)
                                (no ring)

@: no status effects
A: almost no armour, stealthy swim, amphibious, 8 rings, constrict 8, camouflage
1, gelatinous body 1
a: no special abilities


You were in an ossuary.
You were not hungry.

You visited 1 branch of the dungeon, and saw 5 of its levels.
You also visited: Ossuary.

You collected 319 gold pieces.

Inventory:

Missiles
 a - 23 arrows
 n - 6 poisoned darts (quivered)
Jewellery
 i - a ring of resist corrosion (left tentacle)
 q - an amulet of faith (around mantle)
Wands
 r - a wand of enslavement (3)
 s - a wand of flame (19)
Scrolls
 b - a scroll of enchant armour {unknown}
 e - a scroll of magic mapping {unknown}
 f - 5 scrolls of teleportation {unknown}
 g - 2 scrolls of immolation {unknown}
 h - 3 scrolls of remove curse {unknown}
 j - 6 scrolls of blinking {unknown}
 k - 4 scrolls of identify {unknown}
 p - 2 scrolls of random uselessness {unknown}
Potions
 d - a potion of stabbing
 l - 2 potions of invisibility
 m - 3 potions of curing
 o - a potion of ambrosia {unknown}
 t - a potion of heal wounds
Comestibles
 c - 3 rations


   Skills:
 + Level 1.6 Fighting
 + Level 1.8 Throwing
 + Level 3.1 Dodging
 + Level 5.4 Stealth
 + Level 6.4 Unarmed Combat
 * Level 4.4 Spellcasting
 * Level 4.6 Transmutations
 * Level 1.9 Earth Magic
 + Level 0.5 Evocations


You had 7 spell levels left.
You knew the following spells:

 Your Spells              Type           Power        Failure   Level  Hunger
a - Beastly Appendage     Tmut           ###...       1%          1    None
b - Sticks to Snakes      Tmut           ###.....     3%          2    #......
c - Spider Form           Tmut/Pois      ##........   16%         3    ###....
d - Passwall              Tmut/Erth      ###.....     5%          2    #......

Your spell library contained the following spells:

 Spells                   Type           Power        Failure   Level  Hunger
 Sandblast                Erth           ##....       6%          1    None
 Stone Arrow              Conj/Erth      #.....       28%         3    ###....
 Petrify                  Tmut/Erth      ###.....     34%         4    ####...
 Ice Form                 Ice/Tmut       ##......     47%         4    ####...
 Blade Hands              Tmut           ###.......   50%         5    ######.
 Lee's Rapid Deconstruct  Erth           ##........   86%         5    ######.


Dungeon Overview and Level Annotations

Branches:
Dungeon (5/15)            Ossuary (1/1)
 Temple: D:4-7

Altars:
Dithmenos
Makhleb
Xom

Annotations:
D:3 exclusion: downstairs


Innate Abilities, Weirdness & Mutations

You cannot wear most types of armour.
You are very stealthy in the water. (Stealth+)
You are amphibious.
You can wear up to eight rings at the same time.
You can use your tentacles to constrict eight enemies at once.
Your skin changes colour to match your surroundings (Stealth+).
Your rubbery body absorbs attacks. (AC +1, EV +1)


Message History

The scorpion zombie is heavily damaged.
You constrict the scorpion zombie. The scorpion zombie hits you.
* * * LOW HITPOINT WARNING * * *
You bludgeon the scorpion zombie!
You squeeze the scorpion zombie, but do no damage.
The scorpion zombie is severely damaged.
You constrict the scorpion zombie. The scorpion zombie closely misses you.
You tentacle-slap the scorpion zombie.
The scorpion zombie is almost destroyed.
You constrict the scorpion zombie.
You destroy the scorpion zombie!
You start resting.
A poisoned dart hits the scorpion!
The scorpion is poisoned.
A scorpion is nearby!
A spear hits the scorpion!
There is an open door here.
Really walk into that spear trap?
A spear shoots out and hits you!
Ouch! That really hurt!
You die...

#...........#...#...
###8.....8###...#...
#...........#...#...
#...........######8.
#.....8.....#^^^#...
#.....#.....'^^^#...
#.....#.....#^^^#...
##'###########'#####
#^^@#...#^^^#...#...
#^^^'...'^^s#...8...
#^^^#...#^^^#.......
##########'###8...8#
#?!M# #...#.......
#!.?# Z8...#...8...
#!?!#..Z....#...#...
##'###8.Z.8#########
.. #.......


You could see a mummy.

Vanquished Creatures
  Eustachio (D:4)
  A big kobold (D:4)
  7 scorpions
  4 centaur zombies
  2 human zombies (Ossuary)
  A hound (D:5)
  An orc priest (D:4)
  An orc wizard (D:4)
  A centaur skeleton (D:4)
  2 iguanas
  4 worker ants (D:4)
  4 big kobold zombies (Ossuary)
  2 mummies (Ossuary)
  3 gnolls (D:5)
  11 adders
  A scorpion zombie (Ossuary)
  An adder skeleton (D:5)
  4 worms
  A dart slug (D:4)
  A leopard gecko (D:4)
  9 orcs
  A giant cockroach (D:3)
  12 goblins
  3 hobgoblins
  4 jackals (D:3)
  5 kobolds
  A quokka (D:3)
  9 bats
  2 frilled lizards
  2 goblin zombies (Ossuary)
  3 hobgoblin zombies (Ossuary)
  2 orc zombies (Ossuary)
  7 rats
113 creatures vanquished.

Vanquished Creatures (collateral kills)
  An ogre (D:5)
1 creature vanquished.

Vanquished Creatures (others)
  An orc (D:5)
1 creature vanquished.

Grand Total: 115 creatures vanquished

Notes
Turn   | Place    | Note
-------+----------+-------------------------------------------
     0 | D:1      | H0rd4k the Octopode Transmuter began the quest for the Orb.
     0 | D:1      | Reached XP level 1. HP: 13/13 MP: 3/3
   389 | D:1      | Reached XP level 2. HP: 11/18 MP: 5/5
   933 | D:2      | Found a burning altar of Makhleb.
   933 | D:2      | Noticed a blizzard demon
   937 | D:2      | Noticed a smoke demon
   937 | D:2      | Noticed a hellwing
   998 | D:2      | Reached XP level 3. HP: 23/23 MP: 6/6
  1290 | D:2      | Reached skill level 1 in Stealth
  1458 | D:2      | Found a shimmering altar of Xom.
  1552 | D:2      | Reached XP level 4. HP: 18/28 MP: 7/7
  2037 | D:2      | Reached skill level 4 in Unarmed Combat
  2653 | D:3      | Reached XP level 5. HP: 11/33 MP: 8/8
  3641 | D:3      | Learned a level 2 spell: Sticks to Snakes
  3645 | D:3      | Learned a level 3 spell: Spider Form
  3656 | D:4      | Found a shadowy altar of Dithmenos.
  3822 | D:4      | Noticed Eustachio
  3856 | D:4      | Reached XP level 6. HP: 38/38 MP: 10/10
  3922 | D:4      | Killed Eustachio
  3922 | D:4      | Reached skill level 5 in Unarmed Combat
  4114 | D:4      | Reached XP level 7. HP: 43/43 MP: 11/11
  4355 | D:4      | Reached skill level 1 in Throwing
  5101 | D:4      | Learned a level 2 spell: Passwall
  5143 | D:5      | Entered Level 5 of the Dungeon
  5434 | D:5      | Reached XP level 8. HP: 23/48 MP: 13/13
  5469 | D:5      | Found a sand-covered staircase.
  5483 | Ossuary  | Entered an ossuary
  5622 | Ossuary  | Reached skill level 1 in Earth Magic
  5852 | Ossuary  | Reached skill level 6 in Unarmed Combat
  6727 | Ossuary  | Reached skill level 5 in Stealth
  6783 | Ossuary  | Killed by triggering a spear trap

Illustrated notes

Levels and vault maps discovered:
D:1:      dpeg_arrival_renting, layout_basic, chequers_serial_rivers_micro_a,
          chequers_serial_rivers_micro_a
D:2:      layout_rooms, tgw_xom, first_ration, makhleb_altar_promises_db
D:3:      layout_rooms, minmay_quantized
D:4:      layout_cave_pools, nicolae_dithmenos_the_darkroom,
          nicolae_overflow_hidden_temple, nzn_random_ring, uniq_eustachio
D:5:      layout_basic, temple_statues, enter_ossuary_1, lightli_corner_chamber
Ossuary:  ossuary_minmay_scorpions

Skill      XL: |  1  2  3  4  5  6  7  8 |
---------------+-------------------------+-----
Stealth        | 1 2 3 4 5 |  5.4
Unarmed Combat | 4 5 6 |  6.4
Transmutations | 3 4 |  4.6
Spellcasting   | 3 4 |  4.4
Throwing       | 1 |  1.8
Dodging        | 3 |  3.1
Earth Magic    | 1 |  1.9
Fighting       | |  1.6
Evocations     | |  0.5

Action                   |  1- 3 |  4- 6 |  7- 9 || total
-------------------------+-------+-------+-------++-------
Melee: Unarmed           |    67 |   128 |   186 ||   381
       Constrict         |    20 |    27 |    37 ||    84
       Tentacles         |     4 |    23 |    39 ||    66
       Punch             |     1 |     1 |    13 ||    15
       Kick              |       |       |     7 ||     7
Throw: Dart              |       |    20 |    15 ||    35
 Cast: Beastly Appendage |       |     1 |     6 ||     7
Evoke: Wand              |       |       |     8 ||     8
  Use: Potion            |       |     4 |     3 ||     7
 Stab: Sleeping          |     5 |     8 |     6 ||    19
  Eat: Chunk             |     2 |     8 |     5 ||    15
       Ration            |       |       |     1 ||     1
Armor: Skin              |     9 |     8 |     4 ||    21
Dodge: Dodged            |    51 |    78 |    91 ||   220
